 Dungeon Crawl Stone Soup version 0.31-a0-246-g8cbcc1cb85 (webtiles) character file.

Game seed: 16521816490114944465

301 qw the Shooter (level 6, 0/37 HPs)
             Began as a Gargoyle Hexslinger on July 12, 2023.
             Frozen to death by an endoplasm (1 damage)
             ... on level 4 of the Dungeon.
             The game lasted 00:01:16 (3371 turns).

qw the Shooter (Gargoyle Hexslinger)                Turns: 3371, Time: 00:01:17

Health: 0/37       AC: 10    Str: 11    XL:     6   Next: 37%
Magic:  7/7        EV: 10    Int: 14    God:
Gold:   205        SH:  0    Dex: 14    Spells: 6/7 levels left

rFire   . . .        Y - +1 sling
rCold   . . .        (no shield)
rNeg    + . .        f - +0 ring mail
rPois   inf          (no helmet)
rElec   +            b - +0 cloak
rCorr   .            (no gloves)
SInv    .            (no boots)
Will    .....        (no amulet)
Stlth   +            (no ring)
HPRegen 0.26/turn    (no ring)
MPRegen 0.10/turn

%: no passive effects
@: no status effects
A: sickness immunity, AC +4, negative energy resistance 1, electricity
resistance, torment resistance 1, petrification resistance
a: no special abilities


You were on level 4 of the Dungeon.
You visited 1 branch of the dungeon, and saw 4 of its levels.

You collected 205 gold pieces.


Innate Abilities, Weirdness & Mutations

You are immune to sickness and miasma.
Your stone body is resilient. (AC +4)
You are immune to poison.
You resist negative energy. (rN+)
You are resistant to electric shocks. (rElec)
You are resistant to unholy torment.
You are immune to petrification.


   Skills:
 - Level 3.0 Fighting
 + Level 5.5 Ranged Weapons
 - Level 1.9 Armour
 - Level 1.5 Dodging
 - Level 1.0 Spellcasting
 - Level 2.6 Hexes


You had 6 spell levels left.
You knew the following spells:

 Your Spells              Type           Power      Damage    Failure   Level
a - Slow                  Hex            32%        N/A       21%         1

Your spell library contained the following spells:

 Spells                   Type           Power      Damage    Failure   Level
 Inner Flame              Hex/Fire       4%         N/A       71%         3
 Portal Projectile        Hex/Tloc       8%         N/A       71%         3
 Cause Fear               Hex            4%         N/A       90%         4

Inventory:

Hand Weapons
 Y - a +1 sling (weapon)
Armour
 b - a +0 cloak (worn)
 f - a +0 ring mail (worn)
Scrolls
 a - a scroll of noise {unknown}
 c - a scroll of identify {unknown}
Potions
 d - a potion of resistance
 e - a potion of curing
 g - a potion of cancellation {unknown}
 h - 2 potions of heal wounds {unknown}
 i - a potion of magic {unknown}
 j - a potion of brilliance {unknown}

Dungeon Overview and Level Annotations

Branches:
Dungeon (4/15)
 Temple: D:4-7

Altars:
Qazlal

Annotations:
D:3 2 transporters, qw's ghost, weakling GrHs


Message History

You are frozen.
The orc closely misses you.
You shoot a sling bullet.
The sling bullet hits the orc but does no damage.
The endoplasm freezes you.
You are frozen.
The orc hits you with a +0 mace.
You shoot a sling bullet.
The sling bullet hits the orc but does no damage.
The endoplasm barely misses you. The orc hits you but does no damage.
You shoot a sling bullet. The sling bullet hits the orc.
The orc is heavily wounded.
The endoplasm closely misses you. The orc closely misses you.
You shoot a sling bullet.
The sling bullet closely misses the orc.
The endoplasm barely misses you. The orc barely misses you.
The orc hits you but does no damage.
The endoplasm hits you but does no damage.
You shoot a sling bullet.
The sling bullet closely misses the orc.
The orc hits you with a +0 mace. The endoplasm freezes you.
You are frozen.
You shoot a sling bullet.
The sling bullet hits the orc but does no damage.
The orc is heavily wounded.
The endoplasm hits you but does no damage.
The orc hits you with a +0 mace.
You shoot a sling bullet.
The sling bullet closely misses the orc.
The endoplasm hits you. The orc hits you with a +0 mace.
You shoot a sling bullet.
The sling bullet hits the orc but does no damage.
The orc is heavily wounded.
The endoplasm barely misses you. The orc misses you.
You shoot a sling bullet.
The sling bullet completely misses the orc.
The endoplasm freezes you.
You are frozen.
The orc hits you with a +0 mace. The endoplasm freezes you.
You are frozen.
You die...

.......... ........###......
#.######## #...............
.......... ..>...........
#.#######. #####.#..........
.......... # # #................
#########..#.#.##.............%..
.......................
..#.#.##............##.#
......J@)...............
..#....o.....#......##..
.........#..........##).
........##.#.#..######..
#..#..........#..#...###.
#........##.#.#..........
#........##.#.#.##...##..
#<...#....#.#........##..
#.........#.#.#.####.###.


You could see an orc and an endoplasm.

Vanquished Creatures
  A sky beast (D:4)
  2 hounds
  Terence (D:3)
  3 gnolls (D:4)
  6 adders
  A dart slug (D:1)
  5 orcs
  2 ball pythons
  3 bats (D:1)
  An endoplasm (D:4)
  A giant cockroach (D:4)
  6 goblins
  A hobgoblin (D:1)
  3 quokkas
  5 frilled lizards
  4 kobolds
  6 rats
51 creatures vanquished.

Notes
Turn   | Place    | Note
-------+----------+-------------------------------------------
     0 | D:1      | qw the Gargoyle Hexslinger began the quest for the Orb.
     0 | D:1      | Reached XP level 1. HP: 12/12 MP: 2/2
     0 | D:1      | 0 ||| qw: Version: 0.3-a-52-g30416fa
     0 | D:1      | 0 ||| qw: Game counter: 6312
     0 | D:1      | 0 ||| qw: Melee chars always use a shield: true
     0 | D:1      | 0 ||| qw: God list: Okawaru
     0 | D:1      | 0 ||| qw: Allow faded altars: false
     0 | D:1      | 0 ||| qw: Do Orc after clearing Dungeon:15 true
     0 | D:1      | 0 ||| qw: Do second Lair branch before Depths: true
     0 | D:1      | 0 ||| qw: Lair rune preference: random
     0 | D:1      | 0 ||| qw: Goals: Normal
     0 | D:1      | 0 ||| PLANNING D:1-11
   142 | D:1      | Reached XP level 2. HP: 12/16 MP: 3/3
   201 | D:1      | 201 ||| FLEEEEING.
   202 | D:1      | 202 ||| FLEEEEING.
   353 | D:1      | Reached skill level 3 in Ranged Weapons
   468 | D:1      | 468 ||| FLEEEEING.
   469 | D:1      | 469 ||| FLEEEEING.
   852 | D:1      | 852 ||| UPGRADING to +0 ring mail.
   862 | D:1      | 862 ||| DROPPING +0 robe.
   863 | D:1      | 863 ||| DRINKING 2 amethyst potions.
   864 | D:1      | 864 ||| DRINKING 2 metallic coppery potions.
   865 | D:1      | 865 ||| DROPPING scroll of poison.
   884 | D:2      | Found a faded altar of an unknown god.
   907 | D:2      | Reached XP level 3. HP: 21/21 MP: 4/4
  1842 | D:2      | 1842 ||| UPGRADING to +0 cloak.
  1847 | D:2      | 1847 ||| DROPPING ring of flight.
  1881 | D:3      | Noticed an orc warrior
  1881 | D:3      | Noticed a phantom
  1881 | D:3      | Found a transporter.
  1884 | D:3      | Noticed qw's ghost (weakling GrHs)
  1992 | D:3      | Noticed Terence
  2009 | D:3      | HP: 3/21 [Terence/+0 mace (3)]
  2010 | D:3      | HP: 1/21 [Terence/+0 mace (2)]
  2011 | D:3      | Killed Terence
  2012 | D:3      | Reached skill level 1 in Armour
  2012 | D:3      | Reached XP level 4. HP: 2/26 MP: 5/5
  2220 | D:3      | Found a transporter.
  2385 | D:3      | Reached skill level 4 in Ranged Weapons
  2385 | D:3      | Reached XP level 5. HP: 21/30 MP: 6/6
  2403 | D:3      | HP: 7/30 [orc/+0 club (3)]
  2406 | D:3      | HP: 1/30 [orc/+0 club (4)]
  2789 | D:3      | 2789 ||| READING scroll labelled IBBOAN PUROMUG.
  2790 | D:3      | 2790 ||| READING scroll labelled UCUEJU ZUOHI.
  2899 | D:4      | Noticed a sky beast
  2899 | D:4      | Found a stormy altar of Qazlal.
  2931 | D:4      | Killed a sky beast
  2932 | D:4      | Reached skill level 5 in Ranged Weapons
  2932 | D:4      | Reached XP level 6. HP: 19/35 MP: 7/7
  3197 | D:4      | Reached skill level 3 in Fighting
  3293 | D:4      | 3293 ||| FLEEEEING.
  3304 | D:4      | 3304 ||| FLEEEEING.
  3306 | D:4      | 3306 ||| FLEEEEING.
  3307 | D:4      | 3307 ||| FLEEEEING.
  3308 | D:4      | 3308 ||| FLEEEEING.
  3310 | D:4      | 3310 ||| FLEEEEING.
  3311 | D:4      | 3311 ||| FLEEEEING.
  3312 | D:4      | 3312 ||| FLEEEEING.
  3313 | D:4      | 3313 ||| FLEEEEING.
  3314 | D:4      | 3314 ||| FLEEEEING.
  3315 | D:4      | 3315 ||| FLEEEEING.
  3316 | D:4      | 3316 ||| FLEEEEING.
  3317 | D:4      | 3317 ||| FLEEEEING.
  3318 | D:4      | 3318 ||| FLEEEEING.
  3319 | D:4      | 3319 ||| FLEEEEING.
  3320 | D:4      | 3320 ||| FLEEEEING.
  3321 | D:4      | 3321 ||| FLEEEEING.
  3322 | D:4      | 3322 ||| FLEEEEING.
  3323 | D:4      | 3323 ||| FLEEEEING.
  3324 | D:4      | 3324 ||| FLEEEEING.
  3325 | D:4      | 3325 ||| FLEEEEING.
  3326 | D:4      | 3326 ||| FLEEEEING.
  3327 | D:4      | 3327 ||| FLEEEEING.
  3328 | D:4      | 3328 ||| FLEEEEING.
  3329 | D:4      | 3329 ||| FLEEEEING.
  3330 | D:4      | 3330 ||| FLEEEEING.
  3331 | D:4      | 3331 ||| FLEEEEING.
  3332 | D:4      | 3332 ||| FLEEEEING.
  3333 | D:4      | 3333 ||| FLEEEEING.
  3334 | D:4      | 3334 ||| FLEEEEING.
  3335 | D:4      | 3335 ||| FLEEEEING.
  3336 | D:4      | 3336 ||| FLEEEEING.
  3337 | D:4      | 3337 ||| FLEEEEING.
  3338 | D:4      | 3338 ||| FLEEEEING.
  3339 | D:4      | 3339 ||| FLEEEEING.
  3340 | D:4      | 3340 ||| FLEEEEING.
  3341 | D:4      | 3341 ||| FLEEEEING.
  3342 | D:4      | 3342 ||| FLEEEEING.
  3343 | D:4      | 3343 ||| FLEEEEING.
  3344 | D:4      | 3344 ||| FLEEEEING.
  3345 | D:4      | 3345 ||| FLEEEEING.
  3346 | D:4      | 3346 ||| FLEEEEING.
  3347 | D:4      | 3347 ||| FLEEEEING.
  3348 | D:4      | 3348 ||| FLEEEEING.
  3349 | D:4      | 3349 ||| FLEEEEING.
  3350 | D:4      | 3350 ||| FLEEEEING.
  3351 | D:4      | 3351 ||| FLEEEEING.
  3352 | D:4      | 3352 ||| FLEEEEING.
  3353 | D:4      | 3353 ||| FLEEEEING.
  3354 | D:4      | 3354 ||| FLEEEEING.
  3355 | D:4      | 3355 ||| FLEEEEING.
  3356 | D:4      | 3356 ||| FLEEEEING.
  3371 | D:4      | HP: 6/37 [frozen (4)]
  3371 | D:4      | HP: 1/37 [orc/+0 mace (5)]
  3371 | D:4      | Frozen to death by an endoplasm

Levels and vault maps discovered:
D:1:      elethiomel_arrival_diamonds, layout_basic
D:2:      layout_basic, nicolae_ecumenical_pavilion
D:3:      layout_loops_ring, gammafunk_ghost_arena, minivault_26, uniq_terence
D:4:      wad_river_or_something, layout_basic,
          nicolae_qazlal_beasts_of_the_sky, ebering_ghost_disaster_area

Skill      XL: |  1  2  3  4  5  6 |
---------------+-------------------+-----
Ranged Weapons | 3 4 5 |  5.5
Fighting       | 2 3 |  3.0
Armour         | 1 |  1.9
Dodging        | |  1.5
Spellcasting   | |  1.0
Hexes          | |  2.6

Action                     |  1- 3 |  4- 6 || total
---------------------------+-------+-------++-------
   Fire: Sling             |   150 |   168 ||   318
    Use: Potion            |     2 |       ||     2
         Scroll            |       |     2 ||     2
 Armour: Robe              |     9 |       ||     9
         Ring mail         |    23 |    92 ||   115
  Dodge: Dodged            |    62 |    79 ||   141

Table legend:
 A = Non-vault XP
 B = Vault XP
 C = Vault XP percentage of total XP
 D = Non-vault monster count
 E = Vault monster count
 F = Vault count percentage of total count
                 A         B        C        D         E       F
            +---------+---------+-------+---------+---------+-------
      Total |     258 |     173 |  40.1 |      41 |      10 |  19.6
            +---------+---------+-------+---------+---------+-------
        D:1 |      21 |       9 |  30.0 |      13 |       7 |  35.0
        D:2 |      33 |       0 |   0.0 |       6 |       0 |   0.0
        D:3 |      99 |      36 |  26.7 |      13 |       1 |   7.1
        D:4 |     105 |     128 |  54.9 |       9 |       2 |  18.2
            +---------+---------+-------+---------+---------+-------
